cohdb
Replays
Latest Replays
All Replays
Popular Replays
Top Player Replays
Match Explorer
How It Works
Community
CoH3 Stats
Reddit
Sign in to upload your games and track your stats! →
Sign in with Steam
Match 42764373
Unlisted
Match 42764373
Overview
Messages
Build Orders
End
Kradschützen Motorcycle Team
Panzergrenadier Squad
Selects Panzerjäger Kommand Battlegroup
Selects Mine Fields
250 Light Carrier
Construct Light Support Kompanie
Selects GrB 39 Grenade Launcher Requisition
250 Light Carrier
Advanced Field Repairs
Assault Grenadier Squad
2.5-tonne Medical Truck
Assault Grenadier Squad
Construct Mechanized Kompanie
Vehicle Survival Package
Selects Early Warning
Marder III Tank Destroyer
254 Reconnaissance Tractor
Assault Grenadier Squad
Early Warning
2.5-tonne Medical Truck
Selects Butterfly Bomb Drop
Butterfly Bomb Drop
Construct Panzerarmee Kommand
Butterfly Bomb Drop
Selects Crew Shock Tactics
Fire Support Elements
Butterfly Bomb Drop
Panzerpioneer Squad
Pak 38 Anti-tank Gun Team
Pak 38 Anti-tank Gun Team
Butterfly Bomb Drop
Early Warning
Panzer III L Medium Tank
Honey
khj
Zebra
스팀계정족같네
Sofia
A Sad Kitty
thunder
용감한녀석
0
0
Comments
sign in to comment!
No comments posted yet!